 Dungeon Sprint DCSS version 0.22-a0-567-gff9aefc (webtiles) character file.

402600 George the Conqueror (level 20, -4/216 HPs)
             Began as a Minotaur Fighter on June 29, 2018.
             Was the Champion of Okawaru.
             Splashed by an acid blob's acid (12 damage)
             ... created by the Royal Jelly
             ... in the Dungeon (Sprint IX: "|||||||||||||||||||||||||||||").
             The game lasted 00:41:04 (10857 turns).

George the Conqueror (Minotaur Fighter)            Turns: 10857, Time: 00:41:05

Health: -4/216     AC:  7    Str: 42    XL:     20   Next: 67%
Magic:  34/36      EV: 26    Int:  5    God:    Okawaru [******]
Gold:   211        SH: 21    Dex: 12    Spells: 27/27 levels left

rFire    + . .     SeeInvis .   p - +8 mithril axe "Arga" {speed, MR+}
rCold    + . .     Gourm    .   c - +0 shield
rNeg     + . .     Faith    .   S - +0 pearl dragon scales
rPois    +         Spirit   .   F - +0 hat "Zimeumek" {MR+}
rElec    .         Reflect  .   b - scarf {rC+ rF+}
rCorr    .         Harm     .   s - +2 pair of gloves {Str+3}
MR       ++++.     NoTele   +   I - +0 pair of boots {Fly}
Stlth    ++++++++..             r - amulet of rage
HPRegen  0.00/turn              N - ring "Tourus" {MR+ Str+4 Slay+3}
MPRegen  0.25/turn              E - ring of poison resistance

@: mighty, heroism, finesse, corroded, flying
A: retaliatory headbutt, horns 2, talons 1, agile 1, blink, deformed body,
deterioration 1, inhibited regeneration
}: 6/15 runes: decaying, serpentine, barnacled, elven, silver, gossamer
a: Blink, Heroism, Finesse, Renounce Religion, Evoke Berserk Rage, Stop Flying


You were in the Dungeon.
You worshipped Okawaru.
Okawaru was exalted by your worship.
You were not hungry.

You visited 1 branch You collected 1955 gold pieces.
You spent 1744 gold pieces at shops.

Inventory:

Hand Weapons
 p - the +8 mithril axe "Arga" (weapon) {speed, MR+}
   (You found it in the Dungeon)

   Attacks with this weapon are significantly faster.
   It affects your resistance to hostile enchantments.
 A - a +0 battleaxe of holy wrath
 L - a +4 scimitar of flaming
Missiles
 G - 3 throwing nets (quivered)
Armour
 b - a scarf of resistance (worn)
 c - a +0 shield (worn)
 s - a +2 pair of gloves of strength (worn)
 F - the +0 hat "Zimeumek" (worn) {MR+}
   (Okawaru gifted it to you in the Dungeon)

   It affects your resistance to hostile enchantments.
 I - a +0 pair of boots of flying (worn)
 S - +0 pearl dragon scales (worn)
Jewellery
 a - the ring of Liberty {rF+ Stlth+}
   (You bought it in a shop in the Dungeon)

   [ring of protection from fire]

   It protects you from fire.
   It makes you more stealthy.
 r - an amulet of rage (around neck)
 x - a +3 ring of slaying
 D - the ring of Iclu {Wiz rF+ Int+2 Dex-4}
   (You bought it in a shop in the Dungeon)

   [ring of wizardry]

   It improves your spell success rate.
   It affects your intelligence (+2).
   It affects your dexterity (-4).
   It protects you from fire.
 E - a ring of poison resistance (right hand)
 M - the ring "Tireof" {Fire rElec rPois Dex+4}
   (You found it in the Dungeon)

   [ring of fire]

   It enhances your fire magic.
   It affects your dexterity (+4).
   It protects you from fire.
   It makes you vulnerable to cold.
   It insulates you from electricity.
   It protects you from poison.
 N - the ring "Tourus" (left hand) {MR+ Str+4 Slay+3}
   (You found it in the Dungeon)

   [ring of slaying]

   It affects your strength (+4).
   It affects your accuracy and damage with ranged weapons and melee attacks
   (+3).
   It affects your resistance to hostile enchantments.
 O - the ring "Johiphe" {rElec rC+++ MP-9 AC+2 Str-4}
   (You found it in the Dungeon)

   [ring of protection]

   It affects your AC (+2).
   It affects your strength (-4).
   It renders you almost immune to cold.
   It insulates you from electricity.
   It affects your magic capacity (-9).
 P - the ring "Wath" {rF+ Str+3}
   (You found it in the Dungeon)

   [ring of strength]

   It affects your strength (+3).
   It protects you from fire.
 Q - the ring "Zint" {Fire MR++ Dex+7 Stlth-}
   (You found it in the Dungeon)

   [ring of fire]

   It enhances your fire magic.
   It affects your dexterity (+7).
   It protects you from fire.
   It makes you vulnerable to cold.
   It affects your resistance to hostile enchantments.
   It makes you less stealthy.
Wands
 o - a wand of acid (10)
Scrolls
 k - 5 scrolls of blinking
 m - 10 scrolls of remove curse
 n - 2 scrolls of amnesia
 v - 3 scrolls of fear
 w - 10 scrolls of enchant weapon
 y - 4 scrolls of fog
 z - 2 scrolls of identify
 C - 4 scrolls of enchant armour
Potions
 e - 11 potions of curing
 g - 13 potions of heal wounds
 h - 9 potions of haste
 i - 4 potions of magic
 j - 3 potions of brilliance
 B - 3 potions of berserk rage
Miscellaneous
 q - a lamp of fire
 J - a lightning rod (4/4)
Comestibles
 f - 10 rations
 l - 5 chunks of flesh


   Skills:
 O Level 27 Fighting
 - Level 8.0(13.0) Long Blades
 O Level 27 Axes
 + Level 6.1(11.1) Throwing
 O Level 27 Armour
 O Level 27 Dodging
 O Level 27 Stealth
 O Level 27 Shields
 + Level 4.1 Spellcasting
 O Level 27 Invocations
 O Level 27 Evocations


You had 27 spell levels left.
You didn't know any spells.
Your spell library contained the following spells:

 Spells                   Type           Power        Failure   Level  Hunger
 Cause Fear               Hex            #.........   99%         4    #####..
 Slow                     Hex            #.......     56%         2    ###....
 Corona                   Hex            #......      43%         1    ##.....
 Portal Projectile        Hex/Tloc       #.....       80%         3    ####...
 Leda's Liquefaction      Hex/Erth       #.........   99%         4    #####..
 Inner Flame              Hex/Fire       #.......     80%         3    ####...


Dungeon Overview and Level Annotations

Branches:
Dungeon (1/1)

Altars:
Cheibriados
Dithmenos
Elyvilon
Fedhas
Gozag
Hepliaklqana
Kikubaaqudgha
Makhleb
Nemelex Xobeh
Okawaru
Qazlal
Ru
Sif Muna
Trog
Uskayaw
Vehumet
Wu Jian
Xom
Yredelemnul
Zin
The Shining One
Beogh
Jiyva
Lugonu

Shops:
D *}*=

Annotations:
D Royal Jelly


Innate Abilities, Weirdness & Mutations

You reflexively headbutt those who attack you in melee.
You have a pair of horns on your head.
You have sharp toenails.
You are agile. (Dex +2)
You can translocate small distances at will.
Armour fits poorly on your strangely shaped body.
Your body sometimes deteriorates upon taking damage.
You do not regenerate when monsters are visible.


Message History

The acid corrodes you!
You are splashed with acid!
The acid burns!
* * * LOW HITPOINT WARNING * * *
You block the Royal Jelly's attack.
You hit the Royal Jelly but do no damage.
Your hands burn!
* * * LOW HITPOINT WARNING * * *
You headbutt the Royal Jelly!
The Royal Jelly is moderately wounded.
You slash the acid blob! The acid corrodes you!
Your hands burn!
* * * LOW HITPOINT WARNING * * *
You feel very mighty all of a sudden. You block the Royal Jelly's attack.
The Royal Jelly hits you!
* * * LOW HITPOINT WARNING * * *
You are splashed with acid!
The acid burns!
* * * LOW HITPOINT WARNING * * *
The acid blob spits acid at you. The splash of acid hits you!
* * * LOW HITPOINT WARNING * * *
You are splashed with acid!
The acid burns!
You die...

)▓.▓.▓.▓.▓.▓.▓.▓.▓
(▓.▓.▓.▓.▓.▓.▓.▓'▓
)▓.▓.▓.▓)▓.▓.▓.▓.▓
.▓.▓.▓.▓[▓.▓)▓.▓.▓
)▓.▓.▓.▓)▓.▓.▓.▓.▓
(▓.▓.▓.▓.▓.▓.▓.▓.▓
[▓.▓.▓.▓.▓.▓.▓.▓J▓
)▓.▓.▓.▓.▓.▓.▓.▓J▓
[▓.▓.▓.▓.▓.▓.▓.▓@▓
.▓.▓.▓.▓.▓.▓'▓.▓J▓
[▓.▓.▓.▓.▓.▓.▓.▓J▓
.▓.▓.▓.▓.▓.▓.▓.▓J▓
(▓.▓.▓.▓'▓.▓.▓.▓J▓
'▓.▓.▓.▓†▓.▓.▓.▓G▓
(▓.▓.▓.▓[▓.▓.▓.▓J▓
.▓.▓.▓.▓)▓.▓.▓.▓G▓
)▓.▓.▓.▓.▓.▓0▓.▓


You could see the Royal Jelly, 2 acid blobs, 2 azure jellies, 2 death oozes and
2 floating eyes.

Vanquished Creatures
  3 orbs of fire (D)
  Mara (D)
  5 ancient liches (D)
  Sojobo (D)
  Frederick (D)
  Margery (D)
  A curse toe (D)
  Xtahua (D)
  2 golden dragons (D)
  Jory (D)
  4 electric golems (D)
  27 Orb Guardians (D)
  4 liches (D)
  3 deep elf master archers (D)
  3 quicksilver dragons (D)
  3 deep elf blademasters (D)
  5 tentacled monstrosities (D)
  A titan (D)
  6 acid blobs (D)
  4 death cobs (D)
  A sphinx (D)
  Frances (D)
  3 tengu reavers (D)
  5 storm dragons (D)
  Ilsuiw (D)
  3 azure jellies (D)
  7 shadow dragons (D)
  4 draconian monks (D)
  2 nagarajas (D)
  A fire giant (D)
  A deep elf sorcerer (D)
  A frost giant (D)
  4 emperor scorpions (D)
  2 ghost moths (D)
  2 draconian scorchers (D)
  A vault warden (D)
  2 draconian stormcallers (D)
  3 draconian annihilators (D)
  A very ugly thing (D)
  An ironheart preserver (D)
  A green draconian (D)
  4 stone giants (D)
  2 black draconians (D)
  An entropy weaver (D)
  3 deep elf annihilators (D)
  4 vampire knights (D)
  3 deep elf demonologists (D)
  2 white draconians (D)
  3 red draconians (D)
  4 yellow draconians (D)
  A spark wasp (D)
  An ettin (D)
  3 purple draconians (D)
  2 merfolk javelineers (D)
  A deep elf death mage (D)
  6 yaktaur captains (D)
  A death ooze (D)
  6 merfolk impalers (D)
  3 great orbs of eyes (D)
  4 fire dragons (D)
  5 ice dragons (D)
  Erolcha (D)
  25 vault guards (D)
  2 ogre magi (D)
  9 hydras (D)
  3 naga warriors (D)
  A satyr (shapeshifter) (D)
  4 deep troll shamans (D)
  4 merfolk aquamancers (D)
  4 centaur warriors (D)
  A tengu warrior (D)
  An alligator (D)
  A deep troll earth mage (D)
  A salamander mystic (D)
  2 unseen horrors (D)
  A glowing orange brain (D)
  4 hell knights (D)
  A wizard (D)
  2 flayed ghosts (D)
  A deep troll (D)
  6 swamp dragons (D)
  A sea snake (D)
  A deep elf archer (D)
  2 ironbrand convokers (D)
  13 orc knights (D)
  A harpy (D)
  2 wolf spiders (D)
  4 necromancers (D)
  An orb spider (D)
  A deep elf mage (D)
  A cyclops (D)
  An ugly thing (D)
  11 moths of wrath (D)
  5 black mambas (D)
  An elephant (shapeshifter) (D)
  2 vault sentinels (D)
  2 merfolk sirens (D)
  3 guardian serpents (D)
  4 naga magi (D)
  2 spiny frogs (D)
  A yaktaur (D)
  2 freezing wraiths (D)
  A komodo dragon (D)
  4 merfolk (D)
  2 jumping spiders (D)
  2 trolls (D)
  2 wind drakes (D)
  2 blink frogs (D)
  A tyrant leech (D)
  2 bog bodies (D)
  A slime creature (D)
  7 redbacks (D)
  3 yaks (D)
  A vampire (D)
  3 tarantellas (D)
  11 spriggans (D)
  2 shadows (D)
  Eustachio (D)
  2 wraiths (D)
  A golden eye (D)
  3 nagas (D)
  2 vampire mosquitoes (D)
  A warg (D)
  An acid dragon (D)
  3 water moccasins (D)
  3 hell hounds (D)
  5 porcupines (D)
  A black bear (D)
  18 orc warriors (D)
  A boggart (D)
  2 ogres (D)
  4 wolves (D)
  2 centaurs (D)
  A crocodile (D)
  A big kobold (shapeshifter) (D)
  4 bullfrogs (D)
  A killer bee (D)
  A quasit (D)
  6 orc priests (D)
  An iguana (D)
  2 orc wizards (D)
  An adder (D)
  A shadow imp (D)
  An adder zombie (D)
  5 orcs (D)
  2 bats (D)
  3 goblins (D)
  A leopard gecko skeleton (D)
443 creatures vanquished.

Vanquished Creatures (others)
  A vampire knight (D)
  A guardian serpent (D)
2 creatures vanquished.

Grand Total: 445 creatures vanquished

Notes
Turn   | Place    | Note
-------+----------+-------------------------------------------
     0 | D        | George the Minotaur Fighter began the quest for the Orb.
     0 | D        | Reached XP level 1. HP: 19/19 MP: 0/0
    67 | D        | Noticed an ogre
    67 | D        | Noticed an iguana
    67 | D        | Noticed a centaur
    67 | D        | Noticed an ogre
    71 | D        | Killed an ogre
    71 | D        | Reached skill level 5 in Long Blades
    71 | D        | Reached XP level 2. HP: 30/30 MP: 1/1
    71 | D        | Reached XP level 3. HP: 37/37 MP: 2/2
    71 | D        | Reached XP level 4. HP: 44/44 MP: 3/3
    77 | D        | Killed a centaur
    77 | D        | Reached XP level 5. HP: 53/53 MP: 4/4
    81 | D        | Killed an ogre
    81 | D        | Reached XP level 6. HP: 62/62 MP: 5/5
    88 | D        | Found a roughly hewn altar of Beogh.
    88 | D        | Found a snail-covered altar of Cheibriados.
    88 | D        | Found a shadowy altar of Dithmenos.
    88 | D        | Found a white marble altar of Elyvilon.
    88 | D        | Found a blossoming altar of Fedhas.
    88 | D        | Found an opulent altar of Gozag.
    89 | D        | Found a hazy altar of Hepliaklqana.
    90 | D        | Found a viscous altar of Jiyva.
    91 | D        | Found an ancient bone altar of Kikubaaqudgha.
    92 | D        | Found a corrupted altar of Lugonu.
    93 | D        | Found a burning altar of Makhleb.
    94 | D        | Found a sparkling altar of Nemelex Xobeh.
    95 | D        | Found an iron altar of Okawaru.
    96 | D        | Found a stormy altar of Qazlal.
    97 | D        | Found a sacrificial altar of Ru.
    98 | D        | Found a deep blue altar of Sif Muna.
    99 | D        | Found a bloodstained altar of Trog.
   100 | D        | Found a hide-covered altar of Uskayaw.
   101 | D        | Found a radiant altar of Vehumet.
   102 | D        | Found an ornate altar of the Wu Jian Council.
   103 | D        | Became a worshipper of Warmaster Okawaru
   104 | D        | Found a shimmering altar of Xom.
   105 | D        | Found a basalt altar of Yredelemnul.
   106 | D        | Found a glowing silver altar of Zin.
   107 | D        | Found a glowing golden altar of the Shining One.
   124 | D        | Found the +8 mithril axe "Arga" {speed, MR+}
   162 | D        | Noticed a vampire
   166 | D        | Reached skill level 1 in Dodging
   166 | D        | Reached skill level 1 in Invocations
   186 | D        | Killed a vampire
   186 | D        | Reached * piety under Okawaru
   186 | D        | Reached skill level 5 in Axes
   186 | D        | Reached XP level 7. HP: 37/70 MP: 6/8
   348 | D        | Noticed a yak
   348 | D        | Noticed a shadow
   359 | D        | Killed a yak
   363 | D        | Reached skill level 10 in Fighting
   363 | D        | Reached skill level 10 in Shields
   365 | D        | Killed a shadow
   365 | D        | Reached skill level 10 in Armour
   365 | D        | Reached XP level 8. HP: 76/79 MP: 8/10
   486 | D        | Noticed a blink frog
   493 | D        | Reached ** piety under Okawaru
   493 | D        | Reached skill level 5 in Dodging
   494 | D        | Noticed a spiny frog
   497 | D        | Reached skill level 5 in Invocations
   510 | D        | Killed a spiny frog
   513 | D        | Reached skill level 10 in Axes
   516 | D        | Reached XP level 9. HP: 63/89 MP: 12/12
   528 | D        | Reached *** piety under Okawaru
   636 | D        | Noticed a komodo dragon
   659 | D        | Killed a komodo dragon
   703 | D        | Noticed a four-headed hydra
   713 | D        | Killed a one-headed hydra
   713 | D        | Reached **** piety under Okawaru
   713 | D        | Reached XP level 10. HP: 86/97 MP: 14/14
   928 | D        | Reached ***** piety under Okawaru
  1204 | D        | Noticed an orc knight
  1211 | D        | Noticed an orc knight
  1226 | D        | Killed an orc knight
  1247 | D        | Killed an orc knight
  1361 | D        | Found Zysaowk's Assorted Antiques.
  1361 | D        | Noticed an orc knight
  1361 | D        | Noticed an orc knight
  1375 | D        | Killed an orc knight
  1376 | D        | Found Zahiwo Peyts's Gadget Shoppe.
  1376 | D        | Noticed an orc knight
  1388 | D        | Killed an orc knight
  1389 | D        | Noticed an orc knight
  1391 | D        | Reached XP level 11. HP: 56/107 MP: 13/16
  1396 | D        | Found Pefydoam's General Store.
  1396 | D        | Noticed an orc knight
  1409 | D        | Killed an orc knight
  1409 | D        | Reached skill level 10 in Dodging
  1410 | D        | Found Ushups's Jewellery Shoppe.
  1423 | D        | Killed an orc knight
  1423 | D        | Reached skill level 15 in Axes
  1431 | D        | Killed an orc knight
  1431 | D        | Reached ****** piety under Okawaru
  1441 | D        | Noticed an orc knight
  1454 | D        | Killed an orc knight
  1513 | D        | Bought a scroll labeled KEMMUGGOCLO for 28 gold pieces
  1513 | D        | Bought a slimy golden ring for 140 gold pieces
  1514 | D        | Identified the ring of Iclu {Wiz rF+ Int+2 Dex-4} (You bought it in a shop in the Dungeon)
  1525 | D        | Bought a +2 pair of gloves of strength for 279 gold pieces
  1538 | D        | Bought the ring of Liberty {rF+ Stlth+} for 452 gold pieces
  1538 | D        | Bought a +3 ring of slaying for 585 gold pieces
  1538 | D        | Bought an uncursed ring of poison resistance for 260 gold pieces
  1856 | D        | Noticed Eustachio
  1868 | D        | Killed Eustachio
  1868 | D        | Received a gift from Okawaru
  1982 | D        | Noticed a centaur warrior
  1986 | D        | Killed a centaur warrior
  1986 | D        | Reached skill level 10 in Invocations
  1988 | D        | Noticed a centaur warrior
  1990 | D        | Killed an unseen horror
  1994 | D        | Noticed a stone giant
  1996 | D        | Noticed a lich
  1997 | D        | Noticed a Brimstone Fiend
  2000 | D        | Noticed an ogre mage
  2004 | D        | Noticed a sphinx
  2005 | D        | Noticed an ice dragon
  2010 | D        | Killed a centaur warrior
  2011 | D        | Noticed a stone giant
  2018 | D        | Killed a stone giant
  2029 | D        | Noticed a red ugly thing
  2037 | D        | Killed a lich
  2037 | D        | Received a gift from Okawaru
  2037 | D        | Reached XP level 12. HP: 35/118 MP: 11/19
  2039 | D        | Paralysed by a sphinx for 7 turns
  2048 | D        | Killed a sphinx
  2048 | D        | Reached skill level 15 in Fighting
  2054 | D        | Killed an ice dragon
  2054 | D        | Reached skill level 15 in Shields
  2060 | D        | Killed a stone giant
  2060 | D        | Reached skill level 15 in Armour
  2064 | D        | Killed an ogre mage
  2428 | D        | Noticed Frances
  2440 | D        | Killed Frances
  2485 | D        | Noticed an alligator
  2491 | D        | Killed an alligator
  2501 | D        | Received a gift from Okawaru
  2610 | D        | Noticed a naga warrior
  2621 | D        | Reached skill level 1 in Evocations
  2627 | D        | Killed a naga warrior
  2798 | D        | Noticed a spark wasp
  2805 | D        | Killed a spark wasp
  2805 | D        | Received a gift from Okawaru
  2814 | D        | Reached XP level 13. HP: 119/130 MP: 21/21
  2844 | D        | Noticed a merfolk impaler
  2858 | D        | Killed a merfolk impaler
  2875 | D        | Reached skill level 5 in Evocations
  3001 | D        | Noticed Erolcha
  3006 | D        | Killed Erolcha
  3147 | D        | Noticed a white very ugly thing
  3147 | D        | Noticed a frost giant
  3147 | D        | Noticed a fire giant
  3157 | D        | Killed a white very ugly thing
  3167 | D        | Killed a frost giant
  3168 | D        | Noticed a tentacled monstrosity
  3181 | D        | Killed a fire giant
  3181 | D        | Received a gift from Okawaru
  3199 | D        | Reached skill level 15 in Dodging
  3203 | D        | Killed a tentacled monstrosity
  3240 | D        | Reached XP level 14. HP: 107/144 MP: 14/23
  3349 | D        | Noticed an ironheart preserver
  3378 | D        | Killed an ironheart preserver
  3382 | D        | Noticed a tengu reaver
  3410 | D        | Killed a tengu reaver
  3410 | D        | Reached skill level 15 in Invocations
  3422 | D        | Received a gift from Okawaru
  3422 | D        | Noticed a vault warden
  3453 | D        | Killed a vault warden
  3483 | D        | Got a slimy longbow {god gift}
  3499 | D        | Identified the +1 longbow of Xunol {freeze, rC+ Int+4} (Okawaru gifted it to you in the Dungeon)
  3707 | D        | Noticed Xtahua
  3718 | D        | Killed Xtahua
  3718 | D        | Received a gift from Okawaru
  3718 | D        | Reached skill level 10 in Evocations
  4017 | D        | Noticed Margery
  4041 | D        | Killed Margery
  4054 | D        | Received a gift from Okawaru
  4196 | D        | Noticed Ilsuiw
  4242 | D        | Killed Ilsuiw
  4257 | D        | Reached XP level 15. HP: 35/156 MP: 20/26
  4292 | D        | Got a barnacled rune of Zot
  4686 | D        | Received a gift from Okawaru
  4737 | D        | Got a faintly humming hat {god gift}
  4743 | D        | Identified the +0 hat "Zimeumek" {MR+} (Okawaru gifted it to you in the Dungeon)
  4865 | D        | Got a decaying rune of Zot
  4874 | D        | Noticed a nagaraja
  4898 | D        | Killed a nagaraja
  4913 | D        | Noticed a nagaraja
  4930 | D        | Killed a nagaraja
  4932 | D        | Got a serpentine rune of Zot
  5090 | D        | Killed a ghost moth
  5109 | D        | Got a gossamer rune of Zot
  5293 | D        | Noticed Jory
  5310 | D        | Killed Jory
  5310 | D        | Received a gift from Okawaru
  5311 | D        | Got a warped hunting sling {god gift}
  5463 | D        | Noticed Frederick
  5482 | D        | Killed Frederick
  5646 | D        | Received a gift from Okawaru
  5646 | D        | Reached XP level 16. HP: 170/170 MP: 28/28
  5755 | D        | Received a gift from Okawaru
  5755 | D        | Reached skill level 15 in Evocations
  5865 | D        | Noticed a golden dragon
  5883 | D        | Killed a golden dragon
  5888 | D        | Noticed a shadow dragon
  5905 | D        | Noticed a shadow dragon
  5929 | D        | Killed a shadow dragon
  5950 | D        | Killed a shadow dragon
  5950 | D        | Received a gift from Okawaru
  6258 | D        | Noticed a shadow dragon
  6258 | D        | Noticed a tentacled monstrosity
  6258 | D        | Noticed a tentacled monstrosity
  6258 | D        | Noticed a shadow dragon
  6262 | D        | Noticed a shadow dragon
  6266 | D        | Killed a tentacled monstrosity
  6275 | D        | Killed a tentacled monstrosity
  6275 | D        | Received a gift from Okawaru
  6276 | D        | Noticed a titan
  6280 | D        | Killed a shadow dragon
  6289 | D        | Killed a shadow dragon
  6296 | D        | Killed a shadow dragon
  6306 | D        | Killed a titan
  6306 | D        | Received a gift from Okawaru
  6308 | D        | Got a silver rune of Zot
  6401 | D        | Noticed Sojobo
  6426 | D        | Killed Sojobo
  6426 | D        | Received a gift from Okawaru
  6426 | D        | Reached XP level 17. HP: 170/183 MP: 30/30
  6476 | D        | Got the ring "Tireof" {Fire rElec rPois Dex+4}
  6478 | D        | Got the ring "Tourus" {MR+ Str+4 Slay+3}
  6480 | D        | Got the ring "Johiphe" {rElec rC+++ MP-9 AC+2 Str-4}
  6482 | D        | Got the ring "Wath" {rF+ Str+3}
  6484 | D        | Got the ring "Zint" {Fire MR++ Dex+7 Stlth-}
  6594 | D        | Noticed Mara
  6597 | D        | Noticed George's illusion
  6623 | D        | Noticed George's illusion
  6636 | D        | Killed Mara
  6676 | D        | Received a gift from Okawaru
  6724 | D        | Got a crude war axe {god gift}
  6725 | D        | Identified the +5 war axe of Profit {chop, *Drain rC+ MR+ Str+2} (Okawaru gifted it to you in the Dungeon)
  6914 | D        | Received a gift from Okawaru
  7132 | D        | Noticed a quicksilver dragon
  7162 | D        | Killed a quicksilver dragon
  7448 | D        | Noticed an electric golem
  7488 | D        | Killed an electric golem
  7717 | D        | Noticed a quicksilver dragon
  7717 | D        | Noticed a quicksilver dragon
  7723 | D        | Noticed a tentacled monstrosity
  7733 | D        | Killed a quicksilver dragon
  7742 | D        | Killed a quicksilver dragon
  7747 | D        | Killed a tentacled monstrosity
  7751 | D        | Reached XP level 18. HP: 125/199 MP: 0/32
  7765 | D        | Received a gift from Okawaru
  7769 | D        | Reached skill level 27 in Fighting
  7773 | D        | Reached skill level 27 in Armour
  7773 | D        | Reached skill level 27 in Shields
  8290 | D        | Noticed an Orb Guardian
  8290 | D        | Noticed an Orb Guardian
  8290 | D        | Noticed an Orb Guardian
  8290 | D        | Noticed an Orb Guardian
  8290 | D        | Noticed an Orb Guardian
  8290 | D        | Noticed an Orb Guardian
  8293 | D        | Noticed an Orb Guardian
  8294 | D        | Killed an Orb Guardian
  8294 | D        | Killed an Orb Guardian
  8301 | D        | Killed an Orb Guardian
  8302 | D        | Noticed an Orb Guardian
  8304 | D        | Killed an Orb Guardian
  8306 | D        | Killed an Orb Guardian
  8307 | D        | Noticed an Orb Guardian
  8313 | D        | Killed an Orb Guardian
  8314 | D        | Noticed an Orb Guardian
  8317 | D        | Killed an Orb Guardian
  8327 | D        | Killed an Orb Guardian
  8332 | D        | Killed an Orb Guardian
  8339 | D        | Killed an Orb Guardian
  8507 | D        | Noticed a tentacled monstrosity
  8507 | D        | Noticed an Orb Guardian
  8507 | D        | Noticed an Orb Guardian
  8509 | D        | Noticed an Orb Guardian
  8511 | D        | Killed an Orb Guardian
  8511 | D        | Received a gift from Okawaru
  8512 | D        | Noticed an Orb Guardian
  8514 | D        | Killed a tentacled monstrosity
  8516 | D        | Reached skill level 27 in Dodging
  8518 | D        | Killed an Orb Guardian
  8536 | D        | Killed an Orb Guardian
  8540 | D        | Killed an Orb Guardian
  8575 | D        | Noticed an ancient lich
  8580 | D        | Killed an ancient lich
  8582 | D        | Noticed an orb of fire
  8584 | D        | Gained mutation: Armour fits poorly on your strangely shaped body. [an orb of fire]
  8586 | D        | Gained mutation: You tend to lose your temper in combat. [an orb of fire]
  8601 | D        | Gained mutation: You often lose your temper in combat. [an orb of fire]
  8611 | D        | Killed an orb of fire
  8611 | D        | Reached skill level 27 in Invocations
  8792 | D        | Lost mutation: You often lose your temper in combat. [potion of mutation]
  8792 | D        | Lost mutation: You tend to lose your temper in combat. [potion of mutation]
  8792 | D        | Gained mutation: You are agile. (Dex +2) [potion of mutation]
  8792 | D        | Gained mutation: You have sharp toenails. [potion of mutation]
  8792 | D        | Gained mutation: You can translocate small distances at will. [potion of mutation]
  8794 | D        | Noticed an electric golem
  8803 | D        | Killed an electric golem
  9071 | D        | Noticed an electric golem
  9071 | D        | Noticed an Orb Guardian
  9071 | D        | Noticed an ancient lich
  9071 | D        | Noticed an orb of fire
  9080 | D        | Reached XP level 19. HP: 206/207 MP: 28/35
  9086 | D        | Noticed an orb of fire
  9088 | D        | Noticed a golden dragon
  9093 | D        | Killed an ancient lich
  9095 | D        | Noticed a curse toe
  9113 | D        | Killed an orb of fire
  9114 | D        | Noticed an electric golem
  9116 | D        | Gained mutation: You do not regenerate when monsters are visible. [an orb of fire]
  9120 | D        | Gained mutation: Your body sometimes deteriorates upon taking damage. [an orb of fire]
  9128 | D        | Killed an orb of fire
  9128 | D        | Received a gift from Okawaru
  9128 | D        | Reached skill level 27 in Evocations
  9131 | D        | Killed a golden dragon
  9137 | D        | Killed a curse toe
  9140 | D        | Killed an electric golem
  9151 | D        | Killed an electric golem
  9151 | D        | Received a gift from Okawaru
  9548 | D        | Reached skill level 27 in Axes
  9584 | D        | Reached skill level 10 in Stealth
  9611 | D        | Received a gift from Okawaru
 10123 | D        | Noticed an ancient lich
 10123 | D        | Noticed a lich
 10123 | D        | Noticed an ancient lich
 10124 | D        | Noticed a lich
 10129 | D        | Noticed a lich
 10133 | D        | Killed an ancient lich
 10142 | D        | Killed an ancient lich
 10142 | D        | Received a gift from Okawaru
 10142 | D        | Reached XP level 20. HP: 183/216 MP: 36/36
 10173 | D        | Noticed an ancient lich
 10181 | D        | Killed an ancient lich
 10621 | D        | Received a gift from Okawaru
 10689 | D        | Got an elven rune of Zot
 10825 | D        | Noticed the Royal Jelly
 10831 | D        | Reached skill level 27 in Stealth
 10843 | D        | Reached skill level 5 in Throwing
 10857 | D        | HP: 8/216 [acid blob/splash of acid[the Royal Jelly] (11)]
 10857 | D        | Splashed by an acid blob's acid

Vault maps used:
D:        linesprint

Skill      XL: |  1  2  3  4  5  6  7  8  9 10 11 12 13 14 15 16 17 18 19 20 |
---------------+-------------------------------------------------------------+-----
Fighting       | 6 7 8 9 10 11 12 13 14 16 18 20 22 24 26 27 | 27.0
Long Blades    | 5 7 8 |  8.0
Armour         | 6 7 8 9 10 11 12 13 14 16 18 20 22 24 26 27 | 27.0
Shields        | 6 7 8 9 10 11 12 13 14 16 18 20 22 24 26 27 | 27.0
Axes           | 5 7 10 12 14 17 18 27 | 27.0
Dodging        | 3 4 6 8 9 11 13 15 17 19 22 24 27 | 27.0
Invocations    | 3 4 6 7 9 10 12 14 16 18 20 22 27 | 27.0
Evocations     | 3 8 11 14 16 19 24 27 | 27.0
Stealth        | 18 27 | 27.0
Throwing       | 6 |  6.1
Spellcasting   | 4 |  4.1

Action                   |  1- 3 |  4- 6 |  7- 9 | 10-12 | 13-15 | 16-18 | 19-21 || total
-------------------------+-------+-------+-------+-------+-------+-------+-------++-------
Melee: Long sword        |    16 |     8 |       |       |       |       |       ||    24
       Headbutt          |     2 |     5 |    22 |    79 |   143 |   208 |    82 ||   541
       Broad axe         |       |    18 |    80 |   326 |   529 |   723 |   280 ||  1956
       Scimitar          |       |       |     7 |       |    48 |       |       ||    55
Invok: Heroism           |       |       |       |     4 |     5 |     8 |     2 ||    19
       Finesse           |       |       |       |     1 |     5 |     8 |     2 ||    16
 Abil: Evoke Berserk Rag |       |       |       |       |       |     1 |       ||     1
Evoke: Lightning rod     |       |       |       |       |       |     8 |     9 ||    17
  Use: Potion            |     1 |       |       |     1 |       |     2 |     4 ||     8
       Scroll            |       |       |       |     1 |       |       |       ||     1
 Stab: Distracted        |       |       |       |       |       |     1 |       ||     1
       Invisible         |       |       |       |       |       |       |     5 ||     5
       Sleeping          |       |       |       |       |       |       |     1 ||     1
  Eat: Chunk             |       |       |       |     6 |     6 |     7 |     1 ||    20
       Ration            |       |       |       |       |     1 |     1 |     2 ||     4
Armor: Scale mail        |     8 |     1 |       |       |       |       |       ||     9
       Plate armour      |       |    15 |    33 |    53 |   123 |    57 |       ||   281
       Pearl dragon scal |       |       |       |       |       |    66 |    36 ||   102
Dodge: Dodged            |     5 |     6 |    19 |    49 |   139 |   128 |    59 ||   405
Block: Shield            |     9 |     5 |    34 |   105 |   255 |   272 |   117 ||   797
       Rpst.: Scimitar   |       |       |       |       |     2 |       |       ||     2

Table legend:
 A = Spawn XP
 B = Non-spawn XP
 C = Spawn XP percentage of total XP
 D = Spawn monster count
 E = Non-spawn monster count
 F = Spawn count percentage of total count
 G = Total turns spent on level
                    A         B        C        D         E        F      G
               +---------+---------+-------+---------+---------+-------+---------
         Total |       0 |  549002 |   0.0 |       0 |     444 |   0.0 | 10857
               +---------+---------+-------+---------+---------+-------+---------
             D |       0 |  549002 |   0.0 |       0 |     444 |   0.0 | 10857
               +---------+---------+-------+---------+---------+-------+---------
